 Dungeon Crawl Stone Soup version 0.28-a0-1555-g9ae15a6949 (webtiles) character file.

Game seed: 17516711853028727604

152 murtidash the Magician (level 5, 0/35 HPs)
             Began as a Djinni Hedge Wizard on Jan 18, 2022.
             Was an Initiate of Makhleb.
             Slain by an orc (1 damage)
             ... on level 4 of the Dungeon.
             The game lasted 00:04:27 (4322 turns).

murtidash the Magician (Djinni Hedge Wizard)        Turns: 4322, Time: 00:04:28

Health: 0/35       AC:  5    Str: 12    XL:     5   Next: 60%
Gold:   70         EV: 12    Int: 17    God:    Makhleb [......] SH:  0 Dex: 13

rFire   + + .      SeeInvis .   m - +0 whip (venom)
rCold   . . .      Faith    .   (no shield)
rNeg    . . .      Spirit   .   q - +1 robe {rC+} rPois โˆž Reflect .
                                c - +0 hat
rElec   .          Harm     .   (no cloak)
rCorr   .          Rampage  .   x - +1 pair of gloves {Str+3}
Will    .....                   (boots unavailable)
Stlth   ++........              A - amulet of the acrobat
HPRegen 0.11/turn               (no ring)
MPRegen 0.00/turn               (no ring)

@: flying
A: sickness immunity, fire resistance 2, cold vulnerability 1, float, innate
caster, hp casting, extra vitality 1
a: Renounce Religion


You were on level 4 of the Dungeon.
You worshipped Makhleb.
Makhleb was noncommittal.
You visited 2 branches of the dungeon, and saw 5 of its levels.

You collected 70 gold pieces.


Innate Abilities, Weirdness & Mutations

You are immune to sickness and miasma.
You are immune to poison.
Your flesh is very heat resistant. (rF++)
You are vulnerable to cold. (rC-)
You float through the air rather than walking.
You learn spells naturally, not from books.
Your magical power is your life essence.
You have superior vitality. (+4 MHP)


   Skills:
 - Level 2.1 Dodging
 - Level 1.5 Stealth
 + Level 4.5 Spellcasting


You couldn't memorise any spells.
You knew the following spells:

 Your Spells              Type           Power      Damage    Failure   Level
a - Magic Dart            Conj           76%        1d6       2%          1
b - Blink                 Tloc           38%        N/A       3%          2
c - Call Imp              Summ           19%        N/A       3%          2
f - Conjure Flame         Conj/Fire      19%        6-21      7%          3
r - Corpse Rot            Necr/Air       38%        N/A       3%          2
s - Slow                  Hex            76%        N/A       2%          1
M - Mephitic Cloud        Conj/Pois/Air  19%        N/A       7%          3
S - Sting                 Tmut/Pois      76%        1d6       2%          1
Your spell library was empty.

Inventory:

Hand Weapons
 a - a +0 dagger
 m - a +0 whip of venom (weapon)
   (You took it off a kobold on level 2 of the Dungeon)
Missiles
 d - 32 sling bullets
 f - 91 stones
 h - 49 bolts
 u - 7 poisoned darts
Armour
 b - a +0 robe
 c - a +0 hat (worn)
 q - a +1 robe of cold resistance (worn)
   (You found it on level 3 of the Dungeon)
 x - a +1 pair of gloves of strength (worn)
   (You found it on level 3 of the Dungeon)
Jewellery
 A - an amulet of the acrobat (around neck)
   (You found it on level 3 of the Dungeon)
 L - a ring of flight
   (You found it on level 3 of the Dungeon)
Wands
 y - a wand of paralysis (8)
   (You found it on level 4 of the Dungeon)
Scrolls
 j - 2 scrolls of fog {unknown}
 k - a scroll of summoning {unknown}
 l - 2 scrolls of identify {unknown}
 n - a scroll of magic mapping {unknown}
 o - a scroll of brand weapon {unknown}
 p - a scroll of enchant weapon {unknown}
 v - a scroll of blinking {unknown}
 w - a scroll of enchant armour {unknown}
Potions
 e - a potion of invisibility {unknown}
 g - a potion of haste {unknown}
 i - 2 potions of flight {unknown}
 r - a potion of magic {unknown}
 s - 2 potions of mutation {unknown}
 t - a potion of brilliance {unknown}

Dungeon Overview and Level Annotations

Branches:
Dungeon (4/15)             Temple (1/1) D:4

Altars:
Ashenzari
Dithmenos
Elyvilon
Fedhas
Hepliaklqana
Kikubaaqudgha
Makhleb
Okawaru
Trog
Uskayaw
Wu Jian
Xom
Yredelemnul
Zin
The Shining One

#.......#
#.......#
#....)<.#
#.......#
###...รท<..#
#.........#
......#.......#
.#### ####.####
#...@#
########.##o#
#####8...8#####)#
.#...#.....#.S.#.#
)..โŒ ....>..SoโŒ
...#
##)..#.....#...###
#####8...8#####
#######


You could see an orc.


Message History

You kill the adder!
Makhleb accepts your kill.
* * * LOW HITPOINT WARNING * * *
๐Ÿ˜จ HP[-1]
You take 1 damage, and now have 10/35 hp.
Casting: Magic Dart (safe; 2% risk of failure)
Confirm with . or Enter, or press ? or * to list all spells.
Aiming: Magic Dart (safe; 2% risk of failure)
Press: ? - help, Shift-Dir - straight line, f/p - orc
Aim: an orc, wielding a +0 flail and wearing a +0 ring mail (severely wounded, 100% to hit)
The magic dart hits the orc but does no damage.
* * * LOW HITPOINT WARNING * * *
๐Ÿ˜จ HP[-1]
You take 1 damage, and now have 9/35 hp.
Casting: Magic Dart (safe; 2% risk of failure)
Confirm with . or Enter, or press ? or * to list all spells.
Aiming: Magic Dart (safe; 2% risk of failure)
Press: ? - help, Shift-Dir - straight line, f/p - orc
Aim: an orc, wielding a +0 flail and wearing a +0 ring mail (severely wounded, 100% to hit)
The magic dart hits the ball python.
* * * LOW HITPOINT WARNING * * *
๐Ÿ˜ฑ HP[-1]
You take 1 damage, and now have 8/35 hp.
Casting: Magic Dart (safe; 2% risk of failure)
Confirm with . or Enter, or press ? or * to list all spells.
Aiming: Magic Dart (safe; 2% risk of failure)
Press: ? - help, Shift-Dir - straight line, f/p - orc
Aim: an orc, wielding a +0 flail and wearing a +0 ring mail (severely wounded, 100% to hit)
The magic dart hits the ball python.
You kill the ball python!
Makhleb accepts your kill.
* * * LOW HITPOINT WARNING * * *
Casting: Magic Dart (safe; 2% risk of failure)
Confirm with . or Enter, or press ? or * to list all spells.
Aiming: Magic Dart (safe; 2% risk of failure)
Press: ? - help, Shift-Dir - straight line, f/p - orc
Aim: an orc, wielding a +0 flail and wearing a +0 ring mail (severely wounded, 100% to hit)
The magic dart hits the orc.
* * * LOW HITPOINT WARNING * * *
๐Ÿ˜ฑ HP[-1]
You take 1 damage, and now have 7/35 hp.
Casting: Magic Dart (safe; 2% risk of failure)
Confirm with . or Enter, or press ? or * to list all spells.
Aiming: Magic Dart (safe; 2% risk of failure)
Press: ? - help, Shift-Dir - straight line, f/p - orc
Aim: an orc, wielding a +0 flail and wearing a +0 ring mail (severely wounded, 100% to hit)
The magic dart hits the orc.
You kill the orc!
Makhleb accepts your kill.
* * * LOW HITPOINT WARNING * * *
๐Ÿ˜ฑ HP[-1]
You take 1 damage, and now have 6/35 hp.
Casting: Magic Dart (safe; 2% risk of failure)
Confirm with . or Enter, or press ? or * to list all spells.
Aiming: Magic Dart (safe; 2% risk of failure)
Press: ? - help, Shift-Dir - straight line, f - orc
Aim: an orc, wielding a +0 whip and wearing a +0 chain mail (100% to hit)
The magic dart hits the orc but does no damage.
* * * LOW HITPOINT WARNING * * *
๐Ÿ˜ฑ HP[-1]
You take 1 damage, and now have 5/35 hp.
Casting: Magic Dart (safe; 2% risk of failure)
Confirm with . or Enter, or press ? or * to list all spells.
Aiming: Magic Dart (safe; 2% risk of failure)
Press: ? - help, Shift-Dir - straight line, f/p - orc
Aim: an orc, wielding a +0 whip and wearing a +0 chain mail (100% to hit)
The magic dart hits the orc but does no damage.
* * * LOW HITPOINT WARNING * * *
The orc misses you. ๐Ÿ˜ฑ HP[-1]
You take 1 damage, and now have 4/35 hp.
Casting: Magic Dart (safe; 2% risk of failure)
Confirm with . or Enter, or press ? or * to list all spells.
Aiming: Magic Dart (safe; 2% risk of failure)
Press: ? - help, Shift-Dir - straight line, f/p - orc
Aim: an orc, wielding a +0 whip and wearing a +0 chain mail (100% to hit)
The magic dart hits the orc.
* * * LOW HITPOINT WARNING * * *
The orc barely misses you. ๐Ÿ˜ฑ HP[-1]
You take 1 damage, and now have 3/35 hp.
Casting: Magic Dart (safe; 2% risk of failure)
Confirm with . or Enter, or press ? or * to list all spells.
Aiming: Magic Dart (safe; 2% risk of failure)
Press: ? - help, Shift-Dir - straight line, f/p - orc
Aim: an orc, wielding a +0 whip and wearing a +0 chain mail (lightly wounded, 100% to hit)
The magic dart hits the orc.
* * * LOW HITPOINT WARNING * * *
The orc closely misses you. ๐Ÿ˜ฑ HP[-1]
You take 1 damage, and now have 2/35 hp.
Casting: Magic Dart (safe; 2% risk of failure)
Confirm with . or Enter, or press ? or * to list all spells.
Aiming: Magic Dart (safe; 2% risk of failure)
Press: ? - help, Shift-Dir - straight line, f/p - orc
Aim: an orc, wielding a +0 whip and wearing a +0 chain mail (moderately wounded, 100% to hit)
The magic dart hits the orc but does no damage.
* * * LOW HITPOINT WARNING * * *
The orc hits you with a +0 whip.
You die...

Skill      XL: |  1  2  3  4 |
---------------+-------------+-----
Spellcasting   | 3 4 |  4.5
Dodging        | |  2.1
Stealth        | |  1.5

Action                   |  1- 3 |  4- 6 || total
-------------------------+-------+-------++-------
 Cast: Magic Dart        |    71 |   116 ||   187
       Conjure Flame     |       |     1 ||     1
       Mephitic Cloud    |       |     1 ||     1
Armor: Robe              |       |    11 ||    11
Dodge: Dodged            |     3 |    29 ||    32

Levels and vault maps discovered:
D:1:      dpeg_arrival_solitude, layout_basic
D:2:      layout_loops_ring, basic_altar, serial_aquarium,
          aquarium_bridge_square [aquarium_subvault_bridge,
          aquarium_subvault_bridge, aquarium_subvault_balcony,
          aquarium_subvault_bridge], aquarium_bridge_square
          [aquarium_subvault_balcony, aquarium_subvault_bridge,
          aquarium_subvault_bridge, aquarium_subvault_bridge],
          aquarium_window_corridor_3, aquarium_window_2, aquarium_view_2d,
          minmay_pentomino_u4
D:3:      minmay_general_purpose_star, layout_loops_ring,
          ebering_ecumenical_altar_mist, uniq_robin
D:4:      layout_rooms, minmay_temple_entry_antechambers, uniq_sigmund
Temple:   regret_index_temple_generic_petals

Notes
Turn   | Place    | Note
-------+----------+-------------------------------------------
     0 | D:1      | murtidash the Djinni Hedge Wizard began the quest for the
                  | Orb.
     0 | D:1      | Reached XP level 1. HP: 15/15 MP: 0/0
     0 | D:1      | magus.rc [v1.11.3]
   268 | D:1      | Reached XP level 2. HP: 15/21 MP: 0/0
   550 | D:1      | Reached skill level 3 in Spellcasting
   843 | D:1      | Reached XP level 3. HP: 22/25 MP: 0/0
   843 | D:1      | Learned a level 1 spell: Sting
  1345 | D:2      | Found a shimmering altar of Xom.
  1505 | D:2      | Reached XP level 4. HP: 17/31 MP: 0/0
  2667 | D:3      | Found a faded altar of an unknown god.
  2680 | D:3      | Reached skill level 4 in Spellcasting
  2682 | D:3      | Noticed Robin
  2682 | D:3      | HP: 6/31 [goblin/stone[Robin] (3)]
  3310 | D:3      | Reached XP level 5. HP: 33/35 MP: 0/0
  3310 | D:3      | Learned a level 2 spell: Corpse Rot
  3388 | D:3      | Killed Robin
  3957 | D:4      | Found a staircase to the Ecumenical Temple.
  3968 | Temple   | Entered the Ecumenical Temple
  4206 | Temple   | Became a worshipper of Makhleb the Destroyer
  4322 | D:4      | Slain by an orc

Vanquished Creatures
  Robin (D:3)
  6 adders
  A worm (D:2)
  A dart slug (D:3)
  3 orcs (D:4)
  3 endoplasms (D:1)
  3 giant cockroaches
  12 goblins
  10 hobgoblins
  4 jackals (D:2)
  6 kobolds
  2 quokkas
  10 ball pythons
  3 bats
  3 frilled lizards (D:1)
  8 rats
76 creatures vanquished.

Table legend:
 A = Non-vault XP
 B = Vault XP
 C = Vault XP percentage of total XP
 D = Non-vault monster count
 E = Vault monster count
 F = Vault count percentage of total count
                 A         B        C        D         E       F
            +---------+---------+-------+---------+---------+-------
      Total |     175 |      43 |  19.7 |      60 |      16 |  21.1
            +---------+---------+-------+---------+---------+-------
        D:1 |      31 |       0 |   0.0 |      20 |       0 |   0.0
        D:2 |      68 |       4 |   5.6 |      25 |       2 |   7.4
        D:3 |      21 |      39 |  65.0 |       5 |      14 |  73.7
        D:4 |      55 |       0 |   0.0 |      10 |       0 |   0.0
            +---------+---------+-------+---------+---------+-------

Illustrated notes

Table legend:
 A = Kills in this place as a percentage of kills in entire the game.
 B = Kills by you in this place as a percentage of kills by you in the entire game.
 C = Kills by friends in this place as a percentage of kills by friends in the entire game.
 D = Other kills in this place as a percentage of other kills in the entire game.
 E = Experience gained in this place as a percentage of experience gained in the entire game.
 F = Experience gained in this place divided by the number of levels of this place that you have seen.
                   A       B       C       D       E      F
               +-------+-------+-------+-------+-------+----------------------
         Total | 100.0 | 100.0 |   N/A | 100.0 | 100.0 |  43.6
       Dungeon | 100.0 | 100.0 |   N/A | 100.0 | 100.0 |  54.5
               +-------+-------+-------+-------+-------+----------------------

Table legend: (Time is in decaauts)
 A = Elapsed time spent in this place.
 B = Non-inter-level travel time spent in this place.
 C = Inter-level travel time spent in this place.
 D = Time resting spent in this place.
 E = Time spent auto-exploring this place.
 F = Levels seen in this place.
 G = Mean time per level.
                   A        B        C        D        E       F      G
               +--------+--------+--------+--------+--------+-----+--------+
         Total |   4321 |   4153 |    168 |      0 |   3746 |   5 |  864.2 |
       Dungeon |   4055 |   3943 |    112 |      0 |   3550 |   4 | 1013.8 |
        Temple |    266 |    210 |     56 |      0 |    196 |   1 |  266.0 |
               +--------+--------+--------+--------+--------+-----+--------+

Top non-repeatable levels by time:
     D:2: 1631 daAuts
     D:3: 1231 daAuts
     D:1: 1000 daAuts
  Temple: 266 daAuts
     D:4: 192 daAuts
